 Dungeon Crawl Stone Soup version 0.25-a0-513-ge77a69270c (webtiles) character file.

Game seed: 11348219888391333283, levelgen mode: deterministic

17 Forecaster the Magician (level 2, -1/22 HPs)
             Began as a Naga Wizard on Feb 16, 2020.
             Slain by a kobold
             ... wielding a +0 short sword
              (4 damage)
             ... on level 1 of the Dungeon.
             The game lasted 00:05:19 (744 turns).

Forecaster the Magician (Naga Wizard)                Turns: 744, Time: 00:05:20

Health: -1/22      AC:  3    Str:  7 (9)  XL:     2   Next: 62%
Magic:  3/15       EV:  5    Int: 15 (18) God:
Gold:   61         SH:  0    Dex:  8 (9)  Spells: 7/8 levels left

rFire    . . .     SeeInvis +   i - +0 short sword
rCold    . . .     Gourm    .   (no shield)
rNeg     . . .     Faith    .   n - +0 scale mail
rPois    +         Spirit   .   b - +0 hat
rElec    .         Reflect  .   (no cloak)
rCorr    .         Harm     .   (no gloves)
MR       .....                  (no barding)
Stlth    +.........             (no amulet)
HPRegen  0.07/turn              e - ring of magical power
MPRegen  0.14/turn              (no ring)

@: slightly contaminated, hasted, quick
A: large, see invisible, deformed body, poison resistance, slowness 2, slow
metabolism 1, spit poison 1, AC +0
a: Spit Poison


You were on level 1 of the Dungeon.
You were not hungry.

You visited 1 branch of the dungeon, and saw 1 of its levels.

You collected 61 gold pieces.

Inventory:

Hand Weapons
 i - a +0 short sword (weapon)
Missiles
 f - 21 stones (quivered)
Armour
 a - a +0 robe
 b - a +0 hat (worn)
 h - a +0 robe
 m - a +0 leather armour
 n - a +0 scale mail (worn)
Jewellery
 e - a ring of magical power (left hand)
Scrolls
 g - a scroll of fear {unknown}
 l - a scroll of blinking {unknown}
Comestibles
 d - 2 rations


   Skills:
 + Level 1.6 Dodging
 + Level 3.2 Stealth
 + Level 3.6 Spellcasting
 + Level 1.0 Conjurations
   Level 1.0 Summonings
   Level 1.0 Translocations


You had 7 spell levels left.
You knew the following spells:

 Your Spells              Type           Power        Failure   Level  Hunger
a - Magic Dart            Conj           #...         86%         1    None

Your spell library contained the following spells:

 Spells                   Type           Power        Failure   Level  Hunger
 Blink                    Tloc           N/A          95%         2    ##.....
 Call Imp                 Summ           #.......     95%         2    ##.....
 Slow                     Hex            #.......     98%         2    ##.....
 Conjure Flame            Conj/Fire      #.......     99%         3    ###....
 Mephitic Cloud           Conj/Pois/Air  #.......     100%        3    ###....


Dungeon Overview and Level Annotations

Branches:
Dungeon (1/15)

Altars:


Innate Abilities, Weirdness & Mutations

You cannot wear boots.
Your serpentine skin is tough. (AC +0)
You have supernaturally acute eyesight. (SInv)
Armour fits poorly on your strangely shaped body.
Your system is resistant to poisons. (rPois)
You cover ground very slowly.
You have a slow metabolism.
You can spit poison.


Message History

Confirm with . or Enter, or press ? or * to list all spells.
Aiming: Magic Dart (safe; 65% risk of failure)
Press: ? - help, Shift-Dir - straight line, f/p - kobold
Aim: a kobold, wielding a +0 short sword (severely wounded)
You miscast Magic Dart.
Sparks fly from your hands! The kobold barely misses you.
Casting: Magic Dart (safe; 65% risk of failure)
Confirm with . or Enter, or press ? or * to list all spells.
Aiming: Magic Dart (safe; 65% risk of failure)
Press: ? - help, Shift-Dir - straight line, f/p - kobold
Aim: a kobold, wielding a +0 short sword (severely wounded)
You miscast Magic Dart.
You feel a strange surge of energy! The kobold closely misses you.
It was a potion of degeneration.
There was something very wrong with that liquid.
You feel weakened.
You feel dopey.
You feel clumsy. The kobold barely misses you.
It was a potion of haste.
You feel yourself speed up.
The kobold hits you with a +0 short sword.
You die...

#####.# #.@K..#
#.###.# #.#
###########'###
#.............#
#.............#
#.............+
#..^..........#
#.............#


You could see a kobold.

Vanquished Creatures
  An ooze (D:1)
  A leopard gecko (D:1)
  A ball python (D:1)
  A goblin (D:1)
  A hobgoblin (D:1)
  A kobold (D:1)
  3 bats (D:1)
  3 rats (D:1)
  A plant (D:1)
13 creatures vanquished.

Notes
Turn   | Place    | Note
-------+----------+-------------------------------------------
     0 | D:1      | Forecaster the Naga Wizard began the quest for the Orb.
     0 | D:1      | Reached XP level 1. HP: 15/15 MP: 4/4
   302 | D:1      | Reached XP level 2. HP: 22/22 MP: 6/6
   744 | D:1      | Slain by a kobold

Levels and vault maps discovered:
D:1:      dpeg_arrival_arbitrary_c, layout_basic, kennysheep_minor_cross,
          serial_bayou_pond_d

Action                   || total
-------------------------++-------
Melee: Short sword       ||    62
 Cast: Magic Dart        ||    31
  Use: Potion            ||     2
       Scroll            ||     1
Armor: Robe              ||     4
       Scale mail        ||     1
Dodge: Dodged            ||    12

Table legend:
 A = Non-vault XP
 B = Vault XP
 C = Vault XP percentage of total XP
 D = Non-vault monster count
 E = Vault monster count
 F = Vault count percentage of total count
                 A         B        C        D         E       F
            +---------+---------+-------+---------+---------+-------
      Total |      25 |       0 |   0.0 |      12 |       0 |   0.0
            +---------+---------+-------+---------+---------+-------
        D:1 |      25 |       0 |   0.0 |      12 |       0 |   0.0
            +---------+---------+-------+---------+---------+-------
